 Dungeon Crawl Stone Soup version 0.17.2 (webtiles) character file.

228 Miyamura the Sneak (level 6, 0/55 HPs)
             Began as a Naga Warper on July 19, 2016.
             Succumbed to a worker ant's poison
             ... on level 3 of the Dungeon.
             The game lasted 00:10:19 (3825 turns).

Miyamura the Sneak (Naga Warper)                    Turns: 3825, Time: 00:10:19

Health: 0/55       AC:  4    Str: 13    XL:     6   Next: 2%
Magic:  10/10      EV: 15    Int: 20    God:
Gold:   73         SH:  0    Dex: 16    Spells: 3 memorised, 4 levels left

rFire  . . .     SeeInvis +     a - +0 falchion
rCold  + . .     Clarity  .     b - +1 leather armour
rNeg   . . .     SustAt   .     (no shield)
rPois  +         Gourm    .     (no helmet)
rElec  .         Spirit   .     (no cloak)
rCorr  .         Warding  .     (no gloves)
rMut   .         Stasis   .     (no barding)
MR     .....                    (no amulet)
Stlth  ++++......               (no ring)
                                s - ring of protection from cold

@: brilliant, agile, lethally poisoned (0 -> -2), flying, very slightly
contaminated, hasted, quick, not resistant to hostile enchantments, stealthy
A: see invisible, deformed body, poison resistance, slowness 2, slow metabolism
1, spit poison 2, AC +2
a: Spit Poison


You were on level 3 of the Dungeon.
You were very hungry.

You visited 1 branch of the dungeon, and saw 3 of its levels.

You collected 73 gold pieces.

Inventory:

Hand Weapons
 a - a +0 falchion (weapon)
 w - a +2 dagger of venom
 x - a +0 vampiric dagger
Missiles
 e - 5 tomahawks of dispersal (quivered)
 k - 5 tomahawks
Armour
 b - a +1 leather armour (worn)
Jewellery
 s - a ring of protection from cold (left hand)
Scrolls
 d - a scroll of blinking
 g - a scroll of amnesia {unknown}
 l - 2 scrolls of enchant armour
 m - 3 scrolls of remove curse
 p - a scroll of random uselessness {unknown}
 q - a scroll of immolation {unknown}
 t - a scroll of identify {unknown}
Books
 c - a book of Spatial Translocations

   Spells                             Type                      Level
   a - Apportation                    Translocation                1
   b - Blink                          Translocation                2
   c - Shroud of Golubria             Charms/Translocation         2
   d - Portal Projectile              Translocation                3
   e - Teleport Other                 Translocation                3
   f - Passage of Golubria            Translocation                4
Comestibles
 f - 2 bread rations
 h - a meat ration
 u - 4 fruits


   Skills:
 + Level 2.7 Fighting
 + Level 2.6 Long Blades
 - Level 1.1 Throwing
 - Level 1.3 Armour
 + Level 2.1 Dodging
 - Level 4.5 Stealth
 + Level 2.6 Spellcasting
 + Level 3.7 Translocations


You had 4 spell levels left.
You knew the following spells:

 Your Spells              Type           Power        Failure   Level  Hunger
a - Apportation           Tloc           ####......   1%          1    None
b - Blink                 Tloc           N/A          1%          2    ##.....
t - Teleport Other        Tloc           ####....     1%          3    ###....


Dungeon Overview and Level Annotations

Branches:
Dungeon (3/15)

Altars:
Ashenzari
Dithmenos
Ru


Innate Abilities, Weirdness & Mutations

You cannot wear boots.
Your serpentine skin is tough (AC +2).
You have supernaturally acute eyesight.
Armour fits poorly on your strangely shaped body.
Your system is resistant to poisons.
You cover ground very slowly.
You have a slow metabolism.
You can spit poison.


Message History

Drink which item? (? for menu, Esc to quit)
It was a potion of haste.
You feel yourself speed up.
You feel sick. The worker ant bites you.
* * * LOW HITPOINT WARNING * * *
You are very lightly contaminated with residual magic.
Drink which item? (? for menu, Esc to quit)
It was a potion of agility.
You feel agile all of a sudden. The worker ant barely misses you.
Drink which item? (? for menu, Esc to quit)
It was a potion of brilliance.
You feel clever all of a sudden. The worker ant bites you.
* * * LOW HITPOINT WARNING * * *
You aren't carrying any potions.
Read which item? (? for menu, Esc to quit)
Blink to where?
Press: ? - help, Dir - move target cursor, p - worker ant
As you read the scroll of blinking, it crumbles to dust.
You die...

..........# #.#
#.......[......#
.##########
#.####.#.#.......... .#
#.......)######.##.# .#
#....##.......#.##.. .#
#....##.............. .#
#....##............ .#
#######............ .#
##########............
.#
.......@...............
.#
..........##.####.......
.# ..........##.##
....... .#
..........##oo# ..###.
.# #####.###.###g# #.
.######### #.# .# #.# #.
.........# #.# .# #o# #.
.........# #ยง# .# #.##
#? .........#####a###
#..# ##


There were no monsters in sight!

Vanquished Creatures
  2 orc wizards (D:3)
  Ijyb (D:3)
  Jessica (D:2)
  3 adders
  A gnoll (D:1)
  A worm (D:2)
  5 giant geckos
  7 orcs (D:3)
  A ball python (D:1)
  7 bats
  6 giant cockroaches
  12 goblins
  2 hobgoblins
  4 jackals (D:1)
  7 kobolds
  2 quokkas
  4 giant newts
  9 rats
75 creatures vanquished.

Notes
Turn   | Place    | Note
--------------------------------------------------------------
     0 | D:1      | Miyamura the Naga Warper began the quest for the Orb.
     0 | D:1      | Reached XP level 1. HP: 19/19 MP: 3/3
   128 | D:1      | Reached skill level 1 in Armour
   132 | D:1      | Reached XP level 2. HP: 19/26 MP: 5/5
   318 | D:1      | Learned a level 2 spell: Blink
   455 | D:1      | Reached skill level 1 in Throwing
   455 | D:1      | Reached XP level 3. HP: 25/32 MP: 6/6
  1214 | D:1      | Learned a level 3 spell: Teleport Other
  1249 | D:2      | Noticed Jessica
  1255 | D:2      | Killed Jessica
  1255 | D:2      | Reached XP level 4. HP: 25/39 MP: 0/7
  1734 | D:2      | Found a sacrificial altar of Ru.
  1746 | D:2      | Reached skill level 4 in Stealth
  1971 | D:2      | Found a shadowy altar of Dithmenos.
  1974 | D:2      | Found a shattered altar of Ashenzari.
  2595 | D:3      | Noticed Ijyb
  2599 | D:3      | Reached XP level 5. HP: 45/45 MP: 8/8
  2939 | D:3      | Killed Ijyb
  3321 | D:3      | Reached XP level 6. HP: 22/55 MP: 8/10
  3745 | D:3      | Noticed a phantom
  3824 | D:3      | HP: 1/55 [worker ant (4)]
  3825 | D:3      | Succumbed to a worker ant's poison

Action                   |  1- 3 |  4- 6 || total
-------------------------+-------+-------++-------
Melee: Falchion          |   110 |   197 ||   307
 Cast: Teleport Other    |     2 |     5 ||     7
 Abil: Spit Poison       |     5 |    14 ||    19
  Use: Scroll            |       |     5 ||     5
       Potion            |       |     5 ||     5
 Stab: Sleeping          |       |     9 ||     9
  Eat: Chunk             |     1 |     7 ||     8
